 Dungeon Crawl Stone Soup version 0.28.0 (webtiles) character file.

Game seed: 8438101181486918794

11 themarg the Caller (level 2, -4/19 HPs)
             Began as a Merfolk Summoner on Feb 10, 2022.
             Slain by a gnoll (5 damage)
             ... on level 1 of the Dungeon.
             The game lasted 00:05:26 (831 turns).

themarg the Caller (Merfolk Summoner)                Turns: 831, Time: 00:05:27

Health: -4/19      AC:  2    Str:  8    XL:     2   Next: 25%
Magic:  2/5        EV: 12    Int: 14    God:
Gold:   38         SH:  0    Dex: 14    Spells: 4/5 levels left

rFire   . . .      SeeInvis .   d - +0 club
rCold   . . .      Faith    .   (no shield)
rNeg    . . .      Spirit   .   a - +0 robe
rPois   .          Reflect  .   (no helmet)
rElec   .          Harm     .   (no cloak)
rCorr   .          Rampage  .   (no gloves)
Will    .....                   (no boots)
Stlth   ++........              (no amulet)
HPRegen 0.06/turn               (no ring)
MPRegen 0.09/turn               (no ring)

@: no status effects
A: (nimble swimmer 2), mertail
a: no special abilities


You were on level 1 of the Dungeon.
You visited 1 branch of the dungeon, and saw 1 of its levels.

You collected 38 gold pieces.

Inventory:

Hand Weapons
 c - a +0 whip
 d - a +0 club (weapon)
Missiles
 b - 6 javelins
Armour
 a - a +0 robe (worn)
Potions
 e - a potion of curing {unknown}


   Skills:
 + Level 2.7 Dodging
 + Level 2.3 Stealth
 + Level 0.4 Unarmed Combat
 + Level 2.0 Spellcasting
 + Level 4.3 Summonings


You had 4 spell levels left.
You knew the following spells:

 Your Spells              Type           Power      Damage    Failure   Level
a - Summon Small Mammal   Summ           52%        N/A       4%          1

Your spell library contained the following spells:

 Spells                   Type           Power      Damage    Failure   Level
 Call Imp                 Summ           13%        N/A       6%          2
 Call Canine Familiar     Summ           13%        N/A       12%         3
 Summon Guardian Golem    Hex/Summ       7%         N/A       28%         3
 Summon Lightning Spire   Summ/Air       7%         N/A       67%         4


Dungeon Overview and Level Annotations

Branches:
Dungeon (1/15)

Altars:

Shops:
D:1 ([


Innate Abilities, Weirdness & Mutations

((You are very nimble when in or above water. (Stealth+, EV+, Speed+++)))
Your lower body shifts to a powerful aquatic tail in water.


Message History

Your bat closely misses the gnoll.
The gnoll hits your bat with a +0 spear!
Your bat dies!
Your bat's corpse disappears in a puff of smoke!
The gnoll shouts!
Casting: Summon Small Mammal (safe; 4% risk of failure)
Confirm with . or Enter, or press ? or * to list all spells.
Casting: Summon Small Mammal (safe; 4% risk of failure)
Confirm with . or Enter, or press ? or * to list all spells.
You swap places.
Your bat hits the gnoll but does no damage.
You swap places.
The gnoll closely misses your bat.
Your bat barely misses the gnoll.
Your bat hits the gnoll but does no damage.
The gnoll completely misses your bat.
Your bat hits the gnoll but does no damage.
The gnoll hits your bat with a +0 spear!
Your bat dies!
Your bat's corpse disappears in a puff of smoke!
Your bat hits the gnoll. The gnoll completely misses your bat.
The gnoll closely misses your bat.
Your bat closely misses the gnoll.
Your bat hits the gnoll but does no damage.
Your bat hits the gnoll.
The gnoll hits your bat with a +0 spear.
Your bat hits the gnoll but does no damage.
Your bat hits the gnoll but does no damage.
The gnoll hits your bat from afar with a +0 spear.
Your bat hits the gnoll but does no damage.
The gnoll barely misses your bat. The gnoll closely misses your bat.
Your bat hits the gnoll but does no damage.
Your bat closely misses the gnoll.
The gnoll hits your bat from afar with a +0 spear.
Your bat dies!
Your bat's corpse disappears in a puff of smoke!
The gnoll shouts!
The gnoll hits you from afar with a +0 spear.
* * * LOW HITPOINT WARNING * * *
The gnoll hits you with a +0 spear.
You die...

#...##...##†.........########.###
#..................# ####.8.8.#
##.#...##..........###.8.......
#.#.###.####.........#...........
#............##...###.8..#######
#.##.#..∩..........##....#hbNwk#
##.#####..##.#.#.#.8..#######
##.## #.###.#..##...........
##.## ###.# #@#.#.#...........
#.#.######...# #g#.###....#######
.............# #.#.# ###........<
.#####.###.#.# #.#.# ##########
.# #.# #.#.# #.#.# .# #.###.#.#
#.#†# .# #>....#.# #.#.# .###
#####.#.# #.#.# .#.## ##.#.#
#.#.#


You could see a gnoll.

Vanquished Creatures
  A ball python (D:1)
  A hobgoblin (D:1)
  A kobold (D:1)
3 creatures vanquished.

Vanquished Creatures (collateral kills)
  A bat (D:1)
  An endoplasm (D:1)
  A hobgoblin (D:1)
  A ball python (D:1)
  2 kobolds (D:1)
6 creatures vanquished.

Grand Total: 9 creatures vanquished

Notes
Turn   | Place    | Note
-------+----------+-------------------------------------------
     0 | D:1      | themarg the Merfolk Summoner began the quest for the Orb.
     0 | D:1      | Reached XP level 1. HP: 13/13 MP: 3/3
     6 | D:1      | Noticed a black bear
     6 | D:1      | Noticed a salamander
     7 | D:1      | Noticed a swamp drake
   124 | D:1      | Found Xocos's Armour Shoppe.
   633 | D:1      | Reached XP level 2. HP: 16/19 MP: 3/5
   681 | D:1      | Found Qelol's Antique Weapon Shoppe.
   831 | D:1      | Slain by a gnoll

Illustrated notes

Levels and vault maps discovered:
D:1:      onia_arrival_zoo_common, layout_loops_ring, serial_shops,
          nicolae_shop_competitors_out_of_business, nicolae_shop_behind_doors,
          shop, nicolae_shop_hallway_plus

Action                   || total
-------------------------++-------
Melee: Unarmed           ||    22
       Whip              ||     5
 Cast: Summon Small Mamm ||    22
Armor: Robe              ||    12
Dodge: Dodged            ||    21
